 Dungeon Crawl Stone Soup version 0.32-a0-131-g9dbbe29261 (webtiles) character file.

Game seed: 14580936428620059570

136 whatisthis the Apothecary (level 5, -14/37 HPs)
             Began as a Gnoll Alchemist on Feb 8, 2024.
             Killed from afar by a gnoll (24 damage)
             ... with a bolt of light
             ... on level 3 of the Dungeon.
             The game lasted 00:07:14 (2112 turns).

whatisthis the Apothecary (Gnoll Alchemist)         Turns: 2112, Time: 00:07:15

Health: -14/37     AC:  4    Str:  7    XL:     5   Next: 19%
Magic:  12/12      EV: 13    Int: 16    God:
Gold:   129        SH:  0    Dex: 13    Spells: 11/14 levels left

rFire   . . .        q - staff of alchemy
rCold   . . .        (no shield)
rNeg    . . .        a - +0 robe
rPois   +            (no helmet)
rElec   .            (no cloak)
rCorr   .            w - +0 pair of gloves
SInv    .            k - +0 pair of boots
Will    .....        (no amulet)
Stlth   +++          h - ring of flight
HPRegen 0.26/turn    (no ring)
MPRegen 0.13/turn

%: no passive effects
@: flying
A: fangs 1, strong nose, distributed training
a: no special abilities


You were on level 3 of the Dungeon.
You visited 1 branch of the dungeon, and saw 3 of its levels.

You collected 129 gold pieces.

Inventory:

Hand Weapons
 i - the +7 whip of the Mashing Gods {venom, Str+2 Dex+3}
   (You found it on level 2 of the Dungeon)

   Str+2:     It affects your strength (+2).
   Dex+3:     It affects your dexterity (+3).
Missiles
 m - 5 poisoned darts
Armour
 a - a +0 robe (worn)
 k - a +0 pair of boots (worn)
 r - a +0 buckler
 w - a +0 pair of gloves (worn)
Magical Staves
 q - a staff of alchemy (weapon)
Jewellery
 h - a ring of flight (left hand)
Wands
 j - a wand of charming (8)
Scrolls
 e - 4 scrolls of identify {unknown}
 f - a scroll of fog {unknown}
 g - a scroll of enchant weapon {unknown}
 u - a scroll of immolation {unknown}
Potions
 b - a potion of magic
 d - a potion of invisibility {unknown}
 l - a potion of might {unknown}
 n - a potion of berserk rage {unknown}
 o - a potion of brilliance
 p - a potion of degeneration {unknown}
 s - a potion of ambrosia {unknown}
 t - a potion of curing {unknown}
 v - a potion of haste {unknown}


   Skills:
 + Level 1.4 Fighting
 + Level 1.4 Short Blades
 + Level 1.4 Long Blades
 + Level 1.4 Axes
 + Level 1.4 Maces & Flails
 + Level 1.4 Polearms
 + Level 1.4 Staves
 + Level 1.4 Ranged Weapons
 + Level 1.4 Throwing
 + Level 1.4 Armour
 + Level 4.8 Dodging
 + Level 4.4 Stealth
 + Level 1.4 Shields
 + Level 1.4 Unarmed Combat
 + Level 5.2 Spellcasting
 + Level 2.4 Conjurations
 + Level 1.1 Hexes
 + Level 1.1 Summonings
 + Level 1.1 Necromancy
 + Level 1.1 Translocations
 + Level 1.1 Fire Magic
 + Level 1.1 Ice Magic
 + Level 1.1 Air Magic
 + Level 1.1 Earth Magic
 + Level 5.5 Alchemy
 + Level 1.6 Invocations
 + Level 1.4 Evocations
 + Level 1.3 Shapeshifting


You had 11 spell levels left.
You knew the following spells:

 Your Spells              Type           Power      Damage    Failure   Level
a - Sting                 Conj/Alch      100%       1d9       3%          1
b - Mercury Vapours       Alch/Air       44%        N/A       5%          2

Your spell library contained the following spells:

 Spells                   Type           Power      Damage    Failure   Level
 Mephitic Cloud           Conj/Alch/Air  20%        N/A       13%         3
 Olgreb's Toxic Radiance  Alch           32%        N/A       16%         4
 Hailstorm                Conj/Ice       9%         3d6       22%         3
 Summon Ice Beast         Ice/Summ       7%         N/A       28%         3
 Sticky Flame             Fire/Alch      22%        2d6       36%         4
 Sculpt Simulacrum        Ice/Alch       11%        N/A       99%         6


Dungeon Overview and Level Annotations

Branches:
Dungeon (3/15)

Altars:
Gozag


Innate Abilities, Weirdness & Mutations

You have very sharp teeth.
Your uncanny sense of smell can sniff out nearby items.
Your experience applies equally to all skills.


Message History

Unknown command.
Magic restored.
Found a ring mail.
A gnoll comes into view. It is wielding a +0 spear.
Aiming: Sting (safe; 3% risk of failure)
Press: ? - help, Q - select action, (/) - cycle Shift-Dir - straight line, f - you You feel a surge of power!
Okay, then.
A gnoll comes into view.
It is wielding a +0 club and carrying a wand of light.
The gnoll shouts!
The gnoll zaps a wand.
The bolt of light hits you!!
You are confused.
Ouch! That really hurt!
You hear a shout!
It was a potion of brilliance.
You feel clever all of a sudden.
It was a potion of cancellation.
Your magical effects are unravelling.
You feel magically purged.
You feel less confused.
You feel a little less clever now.
The gnoll hits you from afar with a +0 spear!
* * * LOW HITPOINT WARNING * * *
Aiming: Charm
Press: ? - help, Shift-Dir - straight line, f - gnoll
Aim: a gnoll, wielding a +0 spear (chance to affect: 62%)
The gnoll resists with significant effort.
The gnoll closely misses you.
Unknown command.
Aiming: Charm
Press: ? - help, Shift-Dir - straight line, f/p - gnoll
Aim: a gnoll, wielding a +0 spear (chance to affect: 62%)
The gnoll is charmed.
Unknown command.
The gnoll hits your gnoll with a +0 club!
Your gnoll hits the gnoll but does no damage.
The gnoll zaps a wand.
The bolt of light hits your gnoll!
Your gnoll dies!
The bolt of light hits you!!
Ouch! That really hurt!
You die...

#... ∆ #... ∆∆ ## #...
.. #.g. #.# #.. #.#
#.[### #.# #g$.######...
#.## ###........# #...
###@###### #..# #.# #..#
#######.#############..#
.......................#
##.....#..###########...
##....#.#...## #... ∆
##......#.....## ##.# #
##..............## #.#
#.##..#..........#..###
#..


You could see a gnoll.

Vanquished Creatures
  2 orc wizards (D:3)
  2 adders (D:2)
  3 dart slugs
  A ribbon worm (D:2)
  4 orcs (D:3)
  7 ball pythons
  7 endoplasms
  A giant cockroach (D:2)
  3 goblins
  5 hobgoblins
  3 kobolds
  A quokka (D:1)
  5 bats
  5 frilled lizards
  7 rats
56 creatures vanquished.

Vanquished Creatures (others)
  A gnoll (D:3)
1 creature vanquished.

Grand Total: 57 creatures vanquished

Notes
Turn   | Place    | Note
-------+----------+-------------------------------------------
     0 | D:1      | whatisthis the Gnoll Alchemist began the quest for the Orb.
     0 | D:1      | Reached XP level 1. HP: 13/13 MP: 6/6
   207 | D:1      | Reached XP level 2. HP: 19/19 MP: 5/7
   375 | D:1      | Found a faded altar of an unknown god.
   512 | D:1      | Reached skill level 5 in Spellcasting
   512 | D:1      | Reached XP level 3. HP: 25/25 MP: 6/9
   566 | D:1      | Learned a level 2 spell: Mercury Vapours
   842 | D:2      | Identified the +7 whip of the Mashing Gods {venom, Str+2
                  | Dex+3}
   885 | D:2      | Reached skill level 1 in Invocations
  1127 | D:2      | Reached skill level 1 in Fighting
  1127 | D:2      | Reached skill level 1 in Short Blades
  1127 | D:2      | Reached skill level 1 in Long Blades
  1127 | D:2      | Reached skill level 1 in Axes
  1127 | D:2      | Reached skill level 1 in Maces & Flails
  1127 | D:2      | Reached skill level 1 in Polearms
  1127 | D:2      | Reached skill level 1 in Staves
  1127 | D:2      | Reached skill level 1 in Ranged Weapons
  1127 | D:2      | Reached skill level 1 in Throwing
  1127 | D:2      | Reached skill level 1 in Armour
  1127 | D:2      | Reached skill level 1 in Shields
  1127 | D:2      | Reached skill level 1 in Unarmed Combat
  1127 | D:2      | Reached skill level 1 in Evocations
  1208 | D:2      | Reached skill level 1 in Shapeshifting
  1208 | D:2      | Reached XP level 4. HP: 24/32 MP: 11/11
  1546 | D:3      | Identified the +1 dagger of the Sky {heavy, rN+}
  1750 | D:3      | Found an opulent altar of Gozag.
  1890 | D:3      | Reached skill level 1 in Hexes
  1890 | D:3      | Reached skill level 1 in Summonings
  1890 | D:3      | Reached skill level 1 in Necromancy
  1890 | D:3      | Reached skill level 1 in Translocations
  1890 | D:3      | Reached skill level 1 in Fire Magic
  1890 | D:3      | Reached skill level 1 in Ice Magic
  1890 | D:3      | Reached skill level 1 in Air Magic
  1890 | D:3      | Reached skill level 1 in Earth Magic
  1905 | D:3      | Reached XP level 5. HP: 16/37 MP: 2/12
  2112 | D:3      | Killed from afar by a gnoll

Illustrated notes

Levels and vault maps discovered:
D:1:      erik_arrival_blinker_ship, layout_basic,
          hellmonk_ecumenical_altar_lost_god, minmay_stone_trees_small
D:2:      layout_rooms, minmay_diced_spiral
D:3:      layout_loops_ring, nicolae_overflow_hidden_temple,
          grunt_gozag_breadcrumbs, jmf_multi_god_temple,
          kennysheep_decorative_pillar, minmay_randomly_rotated_circles

Skill      XL: |  1  2  3  4 |
---------------+-------------+-----
Conjurations   | 2 |  2.4
Spellcasting   | 5 |  5.2
Invocations    | 1 |  1.6
Fighting       | 1 |  1.4
Short Blades   | 1 |  1.4
Long Blades    | 1 |  1.4
Axes           | 1 |  1.4
Maces & Flails | 1 |  1.4
Polearms       | 1 |  1.4
Staves         | 1 |  1.4
Ranged Weapons | 1 |  1.4
Throwing       | 1 |  1.4
Armour         | 1 |  1.4
Shields        | 1 |  1.4
Unarmed Combat | 1 |  1.4
Evocations     | 1 |  1.4
Shapeshifting  | 1 |  1.3
Hexes          | 1 |  1.1
Summonings     | 1 |  1.1
Necromancy     | 1 |  1.1
Translocations | 1 |  1.1
Fire Magic     | 1 |  1.1
Ice Magic      | 1 |  1.1
Air Magic      | 1 |  1.1
Earth Magic    | 1 |  1.1
Dodging        | |  4.8
Stealth        | |  4.4
Alchemy        | |  5.5

Action                     |  1- 3 |  4- 6 || total
---------------------------+-------+-------++-------
  Melee: Short sword       |    32 |       ||    32
         Bite              |     8 |     4 ||    12
         Unarmed           |     2 |       ||     2
         Whip              |    27 |     4 ||    31
         Punch             |     1 |       ||     1
         Staff             |       |    14 ||    14
   Cast: Sting             |    34 |    25 ||    59
         Mercury Vapours   |       |     1 ||     1
  Evoke: Wand              |       |     2 ||     2
    Use: Potion            |       |     2 ||     2
   Stab: Sleeping          |     2 |       ||     2
 Armour: Robe              |    26 |    11 ||    37
  Dodge: Dodged            |    43 |    12 ||    55
  Block: Buckler           |       |     2 ||     2

Table legend: (Time is in decaauts)
 A = Elapsed time spent in this place.
 B = Non-inter-level travel time spent in this place.
 C = Inter-level travel time spent in this place.
 D = Time resting spent in this place.
 E = Time spent auto-exploring this place.
 F = Levels seen in this place.
 G = Mean time per level.
                   A        B        C        D        E       F      G
               +--------+--------+--------+--------+--------+-----+--------+
         Total |   2113 |   2085 |     28 |    273 |   1131 |   3 |  704.3 |
       Dungeon |   2113 |   2085 |     28 |    273 |   1131 |   3 |  704.3 |
               +--------+--------+--------+--------+--------+-----+--------+

Top non-repeatable levels by time:
     D:1: 823 daAuts
     D:2: 695 daAuts
     D:3: 594 daAuts
